AoeStats
← Navix de los Bosques de Lituania

Glade

513441519Analyzed
1v1 RM · 6d ago on Oct 13, 2026· 71m 35s· 2 players
Game mode
Random Map
Map size
Tiny (2 player)
Population
200
Speed
Normal
Resources
Standard
Victory
Conquest
Starting age
Dark Age
Ending age
Imperial Age
RankedLock teamsTeams togetherTeam positionsShared explorationLock speedFull tech treeHidden civsTurbo modeCheats
Victory
Defeat
🇩🇪 Cumans · Germany
695
+14
vs
644
-14
Navix de los Bosques de Lituania
9:26 Loom
12:09 Feudal Age
15:17 Double-Bit Axe
18:39 Castle Age
23:04 Pikeman
24:11 Horse Collar
25:07 Scale Mail Armor
30:00 Bow Saw
30:39 Forging
31:16 Wheelbarrow
31:23 Heavy Plow
31:40 Fletching
33:34 Hand Cart
33:01 Elite Skirmisher
34:43 Forging
34:35 Padded Archer Armor
34:49 Scale Barding Armor
37:32 Chain Mail Armor
37:38 Chain Barding Armor
37:54 Iron Casting
38:07 Squires
37:54 Gambesons
38:03 Arson
38:42 Leather Archer Armor
39:53 Gold Mining
39:53 Stone Mining
41:52 Thumb Ring
42:14 Bodkin Arrow
48:13 Imperial Age
49:27 Husbandry
49:00 Light Cavalry
50:37 Ballistics
51:30 Chemistry
50:11 Treadmill Crane
53:18 Plate Barding Armor
53:28 Hussar
54:08 Halberdier
54:19 Capped Ram
56:03 Plate Mail Armor
56:33 Ring Archer Armor
56:15 Bracer
evilbanane
9:47 Loom
11:58 Feudal Age
16:45 Castle Age
14:40 Horse Collar
15:29 Double-Bit Axe
16:52 Wheelbarrow
16:42 Town Watch
19:37 Bloodlines
22:36 Man-at-Arms
24:33 Elite Skirmisher
26:19 Bow Saw
32:10 Heavy Plow
34:44 Fletching
38:39 Forging
38:36 Scale Barding Armor
39:14 Bodkin Arrow
39:42 Ballistics
40:00 Thumb Ring
39:54 Light Cavalry
41:30 Capped Ram
47:09 Imperial Age
46:17 Hand Cart
46:46 Iron Casting
46:52 Steppe Husbandry
47:34 Elite Steppe Lancer
49:58 Chain Barding Armor
52:41 Gold Mining
53:27 Conscription
56:16 Crop Rotation
57:05 Siege Ram
60:21 Chemistry
66:57 Plate Barding Armor
69:31 Blast Furnace
Connection lost

Rejoining the realm…

Still unreachable

The connection could not be restored.

Session expired

The server has moved on; the page needs a fresh start.